AoeStats
← Death_Rider

Arena

509290317Analyzed
4v4 RM · 8d ago on Sep 26, 2026· 43m 46s· 8 players
Game mode
Random Map
Map size
Large (8 player)
Population
200
Speed
Normal
Resources
Standard
Victory
Conquest
Starting age
Dark Age
Ending age
Imperial Age
RankedLock teamsTeams togetherTeam positionsShared explorationLock speedFull tech treeHidden civsTurbo modeCheats
Victory
Defeat
🇦🇷 Saxons · Argentina
1215
+5
🇨🇱 Mongols · Chile
807
+19
🇨🇱 Magyars · Chile
729
+22
🇲🇽 Danes · Mexico
538
+28
🇩🇪 Persians · Germany
908
-20
🇺🇸 Turks · United States
872
-18
🇨🇳 Hindustanis · China
870
-18
🇺🇸 Wei · United States
858
-18
i2i Vibe
10:03 Feudal Age
8:19 Loom
10:28 Double-Bit Axe
10:30 Horse Collar
18:40 Castle Age
19:32 Gold Mining
19:33 Stone Mining
21:46 Fletching
31:33 Scale Barding Armor
36:43 Wheelbarrow
36:09 Bodkin Arrow
40:45 Imperial Age
38:37 Heavy Plow
41:42 Husbandry
fatfatfattie
11:41 Feudal Age
16:18 Castle Age
15:35 Horse Collar
15:42 Double-Bit Axe
21:29 Town Watch
23:08 Bow Saw
37:01 Heavy Plow
42:28 Imperial Age
39:50 Loom
40:45 Wheelbarrow
40:21 Stone Mining
40:23 Gold Mining
42:03 Hand Cart
Death_Rider
9:31 Feudal Age
9:52 Double-Bit Axe
9:50 Horse Collar
16:15 Castle Age
15:54 Forging
18:41 Husbandry
19:20 Loom
24:16 Gold Mining
25:20 Iron Casting
26:36 Fletching
27:31 Bodkin Arrow
28:21 Murder Holes
28:30 Town Watch
29:20 Wheelbarrow
29:33 Ballistics
30:33 Gold Shaft Mining
31:11 Masonry
33:46 Padded Archer Armor
34:50 Heavy Plow
34:53 Stone Mining
37:58 Imperial Age
37:17 Wheelbarrow
37:39 Kamandaran
38:31 Stone Shaft Mining
37:58 Cavalier
38:02 Crossbowman
39:05 Bow Saw
39:51 Bloodlines
39:59 Leather Archer Armor
39:49 Scale Barding Armor
40:09 Conscription
40:45 Crop Rotation
41:19 Two-Man Saw
626464865
10:12 Feudal Age
14:20 Castle Age
12:19 Double-Bit Axe
12:41 Horse Collar
13:46 Loom
15:39 Scale Barding Armor
15:51 Bow Saw
20:25 Husbandry
22:47 Wheelbarrow
22:28 Bloodlines
25:27 Forging
26:14 Chain Barding Armor
27:31 Iron Casting
29:42 Hand Cart
31:28 Heavy Plow
35:17 Imperial Age
35:59 Heavy Camel Rider
41:56 Gold Mining
Stephani Gotica
8:54 Feudal Age
12:49 Castle Age
11:18 Double-Bit Axe
11:55 Horse Collar
19:42 Scale Mail Armor
29:20 Bow Saw
32:55 Wheelbarrow
32:24 Loom
33:44 Heavy Plow
34:25 Town Watch
34:40 Gold Mining
34:42 Stone Mining
36:14 Gold Shaft Mining
36:15 Stone Shaft Mining
35:59 Hand Cart
41:40 Imperial Age
39:38 Ballistics
39:13 Murder Holes
40:17 Thumb Ring
41:45 Fletching
41:56 Padded Archer Armor
41:55 Cranequins
42:38 Heavy Mounted Crossbowman
43:15 Bodkin Arrow
43:40 Leather Archer Armor
dOlebriO
8:55 Feudal Age
14:48 Castle Age
19:15 Horse Collar
19:29 Double-Bit Axe
19:39 Gold Mining
21:19 Padded Archer Armor
33:37 Wheelbarrow
34:14 Scale Barding Armor
34:25 Leather Archer Armor
34:01 Fletching
34:01 Loom
36:35 Chain Barding Armor
37:44 Forging
37:30 Bodkin Arrow
38:40 Ballistics
38:38 Hand Cart
44:56 Imperial Age
44:00 Town Watch
MartyIgnacio
7:13 Loom
9:22 Feudal Age
13:33 Castle Age
12:12 Double-Bit Axe
19:58 Scale Barding Armor
26:38 Wheelbarrow
30:29 Chain Barding Armor
31:01 Loom
31:34 Bow Saw
31:33 Gold Mining
33:07 Fletching
35:07 Bodkin Arrow
36:37 Corvinian Army
38:39 Ballistics
38:57 Hand Cart
39:44 Town Watch
Paspian
10:13 Feudal Age
12:06 Double-Bit Axe
14:27 Castle Age
12:45 Horse Collar
15:59 Bow Saw
16:48 Heavy Plow
17:32 Loom
21:08 Wheelbarrow
21:17 Town Watch
21:50 Gold Mining
22:36 Scale Mail Armor
22:46 Forging
24:02 Hand Cart
23:33 Town Watch
24:40 Gold Shaft Mining
24:18 Squires
25:05 Arson
26:47 Chain Mail Armor
26:43 Forging
28:17 Town Patrol
29:04 Iron Casting
32:43 Imperial Age
33:33 Elite Varangian Guard
34:52 Plate Mail Armor
34:43 Pikeman
35:08 Capped Ram
35:36 Halberdier
36:09 Fletching
37:00 Conscription
36:01 Shield Wall
37:31 Siege Ram
37:38 Siege Ram
43:31 Ballistics
44:12 Chemistry
43:17 Siege Engineers
43:07 Murder Holes
42:54 Treadmill Crane
43:17 Murder Holes
43:27 Siege Engineers
44:23 Chemistry
Connection lost

Rejoining the realm…

Still unreachable

The connection could not be restored.

Session expired

The server has moved on; the page needs a fresh start.